 Dungeon Crawl Stone Soup version 0.17-a0-910-ga669010 (webtiles) character file.

325 hornqvist the Cudgeler (level 6, -7/56 HPs)
             Began as a Naga Fighter on May 2, 2015.
             Killed by divine providence
             ... invoked by an orc priest
              (12 damage)
             ... on level 4 of the Dungeon.
             The game lasted 00:03:17 (3148 turns).

hornqvist the Cudgeler (Naga Fighter)               Turns: 3148, Time: 00:03:17

Health: -7/56      AC:  5    Str: 21    XL:     6   Next: 48%
Magic:  0/6        EV:  5    Int: 13    God:
Gold:   192        SH:  8    Dex: 10    Spells: 0 memorised, 5 levels left

rFire  . . .     SeeInvis +     a - +0 flail
rCold  . . .     Clarity  .     b - +0 scale mail
rNeg   . . .     SustAb   .     c - +0 shield
rPois  +         Gourm    .     (no helmet)
rElec  .         Spirit   +     (no cloak)
rCorr  .         Warding  .     (no gloves)
rMut   .         Stasis   .     (no barding)
MR     .....                    q - amulet of guardian spirit
Stlth  ..........               (no ring)
                                v - +5 ring of intelligence

@: drained, very slow, not resistant to hostile enchantments, extremely
unstealthy
A: see invisible, deformed body, poison resistance, slowness 2, slow metabolism
1, spit poison 2, AC +2
a: Spit Poison


You were on level 4 of the Dungeon.
You were not hungry.

You visited 1 branch of the dungeon, and saw 4 of its levels.

You collected 192 gold pieces.

Inventory:

Hand weapons
 a - a +0 flail (weapon)
Armour
 b - a +0 scale mail (worn)
 c - a +0 shield (worn)
Jewellery
 o - an uncursed ring of magical power
 q - an amulet of guardian spirit (around neck)
 v - a +5 ring of intelligence (left hand)
Magical devices
 n - a wand of invisibility (1)
Scrolls
 f - a scroll of enchant weapon {unknown}
 g - a scroll of teleportation
 i - a scroll of remove curse
 k - 6 scrolls of identify {unknown}
 l - a scroll of random uselessness {unknown}
 m - a scroll of immolation {unknown}
 s - a scroll of enchant armour {unknown}
Potions
 d - a potion of might
Comestibles
 e - 2 bread rations
 h - 5 fruits
 j - 4 chunks of flesh
 u - 3 meat rations


   Skills:
 - Level 3.0(2.1) Fighting
 * Level 5.4(4.5) Maces & Flails
 - Level 2.4(1.6) Armour
 + Level 2.9(2.1) Dodging
 - Level 2.4(1.6) Shields


You had 5 spell levels left.
You didn't know any spells.

Dungeon Overview and Level Annotations

Branches:
Dungeon (4/15)
 Temple: D:4-7

Altars:
Makhleb


Innate Abilities, Weirdness & Mutations

You cannot wear boots.
Your serpentine skin is tough (AC +2).
You have supernaturally acute eyesight.
Armour fits poorly on your strangely shaped body.
Your system is resistant to poisons.
You cover ground very slowly.
You have a slow metabolism.
You can spit poison.


Message History

The hobgoblin shouts!
The orc wizard gestures at you while chanting.
The puff of flame misses you.
The orc priest mumbles some strange prayers to Beogh against you.
Something smites you!
* * * LOW HITPOINT WARNING * * *
You block the adder skeleton's attack.
You take 8 damage, and have 5/56 hp.
You now have 1/6 mp.
The adder skeleton bites you.
* * * LOW HITPOINT WARNING * * *
The orc priest mumbles some strange prayers to Beogh against you.
The orc wizard convulses in agony!
The orc wizard dies!
You block the orc's attack.
Some of the chunks of flesh in your inventory have rotted away.
You block the orc's attack.
The adder skeleton bites you but does no damage.
The orc priest calls down the wrath of Beogh upon you.
Something smites you!
You die...

#......).......
#..............
##+#....#####.....
.####......(# #
............>#
.#####..o....#
.....g.....).#
######.oZo...#
#.<@....#
#########


You could see an orc priest, 2 orcs, a hobgoblin and an adder skeleton.

Vanquished Creatures
  Sigmund (D:4)
  4 adders
  4 gnolls (D:3)
  2 worms (D:2)
  3 giant geckos
  3 orcs
  2 ball pythons
  5 goblins
  4 hobgoblins
  3 kobolds
  2 quokkas
  9 bats
  5 giant cockroaches
  5 giant newts
  4 jackals (D:2)
  9 rats
65 creatures vanquished.

Vanquished Creatures (others)
  An orc wizard (D:4)
1 creature vanquished.

Grand Total: 66 creatures vanquished

Notes
Turn   | Place    | Note
--------------------------------------------------------------
     0 | D:1      | hornqvist, the Naga Fighter, began the quest for the Orb.
     0 | D:1      | Reached XP level 1. HP: 21/21 MP: 1/1
   371 | D:1      | Reached XP level 2. HP: 18/28 MP: 2/2
  1109 | D:2      | Reached skill level 1 in Dodging
  1258 | D:2      | Reached XP level 3. HP: 13/34 MP: 3/3
  1428 | D:2      | Found a burning altar of Makhleb.
  1767 | D:2      | Reached XP level 4. HP: 39/42 MP: 4/4
  2162 | D:3      | Noticed Grinder
  2172 | D:3      | Reached skill level 4 in Maces & Flails
  2181 | D:3      | HP: 3/63 [gnoll (2)]
  2190 | D:3      | HP: 1/42 [gnoll/spear (2)]
  2195 | D:3      | Reached XP level 5. HP: 1/49 MP: 0/5
  3091 | D:4      | Noticed Sigmund
  3102 | D:4      | Killed Sigmund
  3102 | D:4      | Reached skill level 5 in Maces & Flails
  3102 | D:4      | Reached XP level 6. HP: 49/56 MP: 4/6
  3148 | D:4      | Killed from afar by an orc priest

Action                   |  1- 3 |  4- 6 || total
-------------------------+-------+-------++-------
Melee: Flail             |   149 |   142 ||   291
 Abil: Spit Poison       |     4 |       ||     4
  Use: Potion            |     2 |     5 ||     7
       Scroll            |     2 |       ||     2
  Eat: Chunk             |     2 |     4 ||     6
